 Dungeon Crawl Stone Soup version 0.19-a0-570-g8ae9a92 (webtiles) character file.

13068 TheGoonsmith the Grappler (level 11, 0/113 HPs)
             Began as a Troll Monk on June 8, 2016.
             Was a Believer of Uskayaw.
             Splashed by a brown ugly thing's acid (8 damage)
             ... on level 12 of the Dungeon.
             The game lasted 00:15:11 (8471 turns).

TheGoonsmith the Grappler (Troll Monk)              Turns: 8471, Time: 00:15:12

Health: 0/113      AC: -2    Str: 21    XL:     11   Next: 70%
Magic:  15/15      EV: 19    Int:  6    God:    Uskayaw [**....]
Gold:   576        SH:  0    Dex: 20    Spells: 0 memorised, 10 levels left

rFire  . . .     SeeInvis .       - Unarmed
rCold  . . .     Gourm    +     a - +0 robe
rNeg   . . .     Faith    .     (no shield)
rPois  .         Spirit   .     (helmet restricted)
rElec  .         Dismiss  .     u - +0 cloak
rCorr  .         Reflect  .     (gloves unavailable)
SustAt .         Harm     .     (boots unavailable)
MR     .....                    (no amulet)
Stlth  ++........               v - ring of flight
                                g - +3 ring of slaying

@: confused, agile, corroded, not resistant to hostile enchantments, unstealthy
A: unfitting armour, claws 3, fast metabolism 3, gourmand, regeneration 2,
shaggy fur 1, tough skin 2
a: Stomp, Line Pass, Renounce Religion, Evoke Flight


You were on level 12 of the Dungeon.
You worshipped Uskayaw.
Uskayaw was pleased with you.
You were completely stuffed.

You visited 2 branches of the dungeon, and saw 13 of its levels.
You also visited: Ossuary.

You collected 576 gold pieces.

Inventory:

Missiles
 p - 312 stones (quivered)
 F - 5 tomahawks
Armour
 a - a +0 robe (worn)
 m - a +0 large shield
 u - a +0 cloak (worn)
 M - a steam dragon hide
 Q - a troll hide
Jewellery
 g - a +3 ring of slaying (left claw)
 r - an uncursed ring of wizardry
 t - an uncursed ring of wizardry
 v - a ring of flight (right claw)
Wands
 x - a wand of disintegration (20/24)
 y - a wand of lightning (6/15)
 z - a wand of teleportation (5/9)
 D - a wand of paralysis (12/24)
 H - a wand of flame (0/48)
 J - a wand of flame (17/48)
 K - a wand of confusion (8/48)
 N - a wand of flame (38/48)
 S - a wand of lightning (9/15)
 T - a wand of iceblast (4/15)
Scrolls
 h - 2 scrolls of recharging
 j - 3 scrolls of remove curse
 l - 4 scrolls of identify
 o - a scroll of fog
 w - 2 scrolls of teleportation
 E - a scroll of enchant weapon
 L - a scroll of amnesia
 O - a scroll of blinking
Potions
 d - 4 potions of lignification
 e - 2 potions of heal wounds
 f - a potion of magic
 k - 4 potions of degeneration
 n - 3 potions of agility
 q - a potion of cancellation
 s - a potion of brilliance
 A - a potion of mutation
 C - a potion of haste
 I - a potion of beneficial mutation
 P - a potion of flight
Books
 R - a book of Death

   Spells                             Type                      Level
   a - Corpse Rot                     Necromancy                   2
   b - Sublimation of Blood           Necromancy                   2
   c - Agony                          Necromancy                   5
   d - Dispel Undead                  Necromancy                   5
   e - Excruciating Wounds            Charms/Necromancy            5
   f - Bolt of Draining               Conjuration/Necromancy       5
Comestibles
 b - 5 bread rations
 c - 46 fruits
 i - 2 beef jerkies
 B - 2 meat rations
 U - a chunk of flesh


   Skills:
 + Level 8.3 Fighting
 - Level 6.1 Dodging
 - Level 1.1 Stealth
 * Level 13.3 Unarmed Combat
 + Level 6.8 Invocations


You had 10 spell levels left.
You didn't know any spells.

Dungeon Overview and Level Annotations

Branches:
Dungeon (12/15)            Temple (1/1) D:5             Orc (0/2) D:12
   Lair: D:8-11

Altars:
Ashenzari
Cheibriados
Dithmenos
Elyvilon
Fedhas
Gozag
Hepliaklqana
Kikubaaqudgha
Makhleb
Nemelex Xobeh
Okawaru
Pakellas
Qazlal
Ru
Sif Muna
Trog
Uskayaw
Vehumet
Xom
Yredelemnul
Zin
The Shining One

Shops:
D:5 [


Innate Abilities, Weirdness & Mutations

You are too large for most types of armour.
You have claws for hands.
Your metabolism is lightning-fast.
You like to eat raw meat.
You heal very quickly.
You are covered in fur. (AC +1)
You have very tough skin. (AC +2)


Message History

You can now pass through a line of other dancers.
You closely miss the brown ugly thing.
The brown ugly thing is heavily wounded.
You closely miss the brown ugly thing.
The brown ugly thing is heavily wounded.
The brown ugly thing tail-slaps you!
You are splashed with acid!
The acid corrodes you!
The acid burns!
* * * LOW HITPOINT WARNING * * *
You bump into the rock wall.
The brown ugly thing tail-slaps you!
* * * LOW HITPOINT WARNING * * *
You are splashed with acid!
The acid burns!
* * * LOW HITPOINT WARNING * * *
You bump into the rock wall.
The brown ugly thing tail-slaps you.
* * * LOW HITPOINT WARNING * * *
You are splashed with acid!
The acid burns!
* * * LOW HITPOINT WARNING * * *
You bump into the rock wall.
The brown ugly thing tail-slaps you!
* * * LOW HITPOINT WARNING * * *
You are splashed with acid!
The acid burns!
You die...

########## #.......#
#......
#........####.......+
#......
#........'.##.......#
+......
#........#.##.......#
#......
+........#.##.......#
#......
#........#..'.......#
#......
#######'#####.......#
#####'# #..#
####'#### ##.# #.##
#@uC## #..# ###.#
###.(# #######.##
#...# #######'##
#......... ###'###
....)....# #.........
##.....#
......%..###.........
.'.....#
.........#...........
##.....+
.........#.#.........
#.....# .........+
#......... ####+##
.........# #.........


You could see a brown ugly thing and a hill giant.

Vanquished Creatures
  The ghost of hoot the Destroyer, a novice OpWz of Vehumet (D:8)
  An unseen horror (D:11)
  2 hill giants (D:11)
  An ugly thing (D:11)
  3 trolls
  A two-headed ogre (D:8)
  Sigmund (D:6)
  10 yaks
  2 steam dragons
  2 hippogriffs
  Menkaure (Ossuary)
  2 water moccasins
  4 orc warriors
  2 ice beasts
  A wasp (D:10)
  3 sky beasts
  4 black bears
  3 eyes of draining (D:3)
  5 ogres
  3 phantoms
  10 centaurs
  A crocodile (D:9)
  2 big kobolds
  The ghost of IamBaum the Caller, an amateur TeSu (D:3)
  A wyvern zombie (D:11)
  3 giant frogs
  4 scorpions
  4 killer bees (D:8)
  10 wights (D:9)
  8 howler monkeys
  6 crimson imps
  A giant frog zombie (D:7)
  A quasit (D:6)
  5 orc priests
  A jelly (D:10)
  6 centaur skeletons
  2 hounds
  16 orc wizards
  2 iguanas
  9 worker ants
  A killer bee zombie (D:7)
  2 hound zombies
  A hound skeleton (D:11)
  3 mummies (Ossuary)
  8 gnolls
  5 adders
  4 worms
  4 dart slugs
  6 giant geckos
  36 orcs
  A ball python (D:6)
  3 giant cockroaches
  2 gnoll zombies (Ossuary)
  3 goblins
  7 hobgoblins
  17 jackals
  2 quokkas (D:8)
  4 bats
  4 giant newts
  3 gnoll skeletons (Ossuary)
  2 goblin skeletons (Ossuary)
  3 goblin zombies (Ossuary)
  3 hobgoblin skeletons (Ossuary)
  3 hobgoblin zombies (Ossuary)
  5 kobolds
  2 kobold zombies (Ossuary)
  3 orc skeletons (Ossuary)
  2 orc zombies (Ossuary)
  5 rats
  3 rat skeletons (Ossuary)
  3 rat zombies (Ossuary)
295 creatures vanquished.

Vanquished Creatures (collateral kills)
  An orc (D:4)
1 creature vanquished.

Vanquished Creatures (others)
  A hydra (D:4)
  A gnoll skeleton (Ossuary)
  2 goblin skeletons (Ossuary)
  4 goblin zombies (Ossuary)
  A hobgoblin skeleton (Ossuary)
  A hobgoblin zombie (Ossuary)
  A kobold zombie (Ossuary)
  3 orc skeletons (Ossuary)
  4 orc zombies (Ossuary)
  4 rat skeletons (Ossuary)
  A bush (D:4)
23 creatures vanquished.

Grand Total: 319 creatures vanquished

Notes
Turn   | Place    | Note
--------------------------------------------------------------
     0 | D:1      | TheGoonsmith the Troll Monk began the quest for the Orb.
     0 | D:1      | Reached XP level 1. HP: 22/22 MP: 0/0
   809 | D:2      | Reached XP level 2. HP: 29/29 MP: 1/1
  1081 | D:2      | Reached XP level 3. HP: 33/36 MP: 2/2
  1439 | D:2      | Reached XP level 4. HP: 18/44 MP: 3/3
  1508 | D:3      | Noticed IamBaum's ghost (amateur TeSu)
  1545 | D:3      | Killed IamBaum's ghost
  1545 | D:3      | Reached skill level 5 in Unarmed Combat
  1545 | D:3      | Reached XP level 5. HP: 9/53 MP: 4/4
  1641 | D:3      | Found a shattered altar of Ashenzari.
  1999 | D:3      | Found a hazy altar of Hepliaklqana.
  2000 | D:3      | Found a shimmering altar of Xom.
  2000 | D:3      | Noticed a hungry ghost
  2001 | D:3      | Noticed a spectral ugly thing
  2001 | D:3      | Noticed a hungry ghost
  2067 | D:3      | Noticed an eye of draining
  2068 | D:3      | Found a bloodstained altar of Trog.
  2068 | D:3      | Noticed an eye of draining
  2068 | D:3      | Noticed an eye of draining
  2084 | D:3      | Killed an eye of draining
  2084 | D:3      | Reached skill level 6 in Unarmed Combat
  2084 | D:3      | Reached XP level 6. HP: 48/61 MP: 0/5
  2323 | D:4      | Found an oddly glowing altar of Pakellas.
  2324 | D:4      | Noticed a six-headed hydra
  2334 | D:4      | Killed a six-headed hydra
  2363 | D:4      | Found a sand-covered staircase.
  2370 | Ossuary  | Entered an ossuary
  2412 | Ossuary  | Reached XP level 7. HP: 64/68 MP: 6/6
  2606 | Ossuary  | Noticed Menkaure
  2612 | Ossuary  | Killed Menkaure
  2754 | D:4      | Reached skill level 7 in Unarmed Combat
  3182 | D:4      | Found an ancient bone altar of Kikubaaqudgha.
  3231 | D:4      | Found a glowing golden altar of the Shining One.
  3263 | D:4      | Found an opulent altar of Gozag.
  3333 | D:5      | Entered Level 5 of the Dungeon
  3397 | D:5      | Reached XP level 8. HP: 62/79 MP: 7/7
  3456 | D:5      | Found Vibriada's Armour Emporium.
  3559 | D:5      | Found a staircase to the Ecumenical Temple.
  3697 | Temple   | Entered the Ecumenical Temple
  4070 | Temple   | Became a worshipper of Uskayaw the Reveler
  4070 | Temple   | Reached * piety under Uskayaw
  4141 | D:5      | Found a shadowy altar of Dithmenos.
  4154 | D:5      | Reached ** piety under Uskayaw
  4156 | D:5      | Reached skill level 8 in Unarmed Combat
  4157 | D:5      | Reached *** piety under Uskayaw
  4461 | D:5      | Reached skill level 5 in Fighting
  4461 | D:5      | Reached skill level 5 in Dodging
  4683 | D:6      | Noticed Sigmund
  4690 | D:6      | Killed Sigmund
  4690 | D:6      | Reached skill level 9 in Unarmed Combat
  4768 | D:6      | Found a shattered altar of Ashenzari.
  5091 | D:7      | Reached XP level 9. HP: 36/88 MP: 4/8
  5098 | D:7      | HP: 2/88 [orc warrior/tomahawk (8)]
  5108 | D:7      | Reached skill level 1 in Invocations
  5258 | D:7      | Found an iron altar of Okawaru.
  5306 | D:7      | Reached **** piety under Uskayaw
  5312 | D:7      | Reached ***** piety under Uskayaw
  5503 | D:7      | Found a white marble altar of Elyvilon.
  5701 | D:8      | Reached skill level 10 in Unarmed Combat
  5727 | D:8      | Noticed hoot's ghost (novice OpWz)
  5736 | D:8      | Killed hoot's ghost
  5784 | D:8      | Noticed a troll
  5793 | D:8      | Killed a troll
  5902 | D:8      | Reached XP level 10. HP: 90/100 MP: 11/11
  6090 | D:8      | Found a radiant altar of Vehumet.
  6091 | D:8      | Found a burning altar of Makhleb.
  6258 | D:9      | Reached skill level 11 in Unarmed Combat
  6994 | D:10     | Entered Level 10 of the Dungeon
  7002 | D:10     | Reached skill level 5 in Invocations
  7111 | D:10     | Reached skill level 12 in Unarmed Combat
  7147 | D:10     | You fall through a shaft for 2 floors!
  7323 | D:11     | Noticed a white ugly thing
  7328 | D:11     | Killed a white ugly thing
  7328 | D:11     | Reached XP level 11. HP: 56/109 MP: 14/14
  7479 | D:11     | Noticed a hill giant
  7485 | D:11     | Killed a hill giant
  7539 | D:11     | Killed an unseen horror
  7904 | D:11     | Noticed a hill giant
  7910 | D:11     | Killed a hill giant
  8256 | D:12     | Found a staircase to the Orcish Mines.
  8266 | D:12     | Reached skill level 13 in Unarmed Combat
  8453 | D:12     | Noticed a brown ugly thing
  8454 | D:12     | Noticed a hill giant
  8471 | D:12     | Splashed by a brown ugly thing's acid

Vault maps used:
D:1:      dpeg_arrival_simpleton_c, hangedman_decor_slide_cut
D:3:      regret_index_temple_of_mockery, lemuel_doored_altar,
          trog_eyes_of_draining, grunt_decor_mini_mirrors
D:4:      kennysheep_mini, kennysheep_little_box, nicolae_gozag_seed_capital,
          nicolae_ossuary_entry_ruins, gammafunk_pakellas_spire_experiment
D:5:      minmay_temple_entry_mist, first_bread, serial_shops, shop,
          grunt_dithmenos_shadows
D:6:      ashenzari_altar_1, uniq_sigmund
D:7:      elyvilon_altar_4, basic_altar
D:8:      grunt_temple_overflow_lords_of_destruction
D:9:      blue_anna_alchemist
D:10:     minmay_flawed_box, serial_shops, nicolae_shop_stone,
          nicolae_shop_stone, shop, basic_altar, uniq_maurice
D:11:     minivault_27
D:12:     david_orc_2, lab_entry_generic
Temple:   triangle_lava_temple_12
Ossuary:  ossuary_due_pyramid

Skill      XL: |  1  2  3  4  5  6  7  8  9 10 11 |
---------------+----------------------------------+-----
Dodging        | 3 4 5 6 |  6.1
Fighting       | 3 4 5 6 7 8 |  8.3
Unarmed Combat | 5 6 7 9 10 12 13 | 13.3
Invocations    | 3 5 6 |  6.8
Stealth        | |  1.1

Action                   |  1- 3 |  4- 6 |  7- 9 | 10-12 || total
-------------------------+-------+-------+-------+-------++-------
Melee: Unarmed           |    72 |   110 |   266 |   295 ||   743
       Punch             |     1 |     4 |     7 |    25 ||    37
Invok: Stomp             |       |       |     2 |       ||     2
       Line Pass         |       |       |       |     2 ||     2
  Use: Scroll            |       |     9 |     4 |    12 ||    25
       Potion            |       |       |     2 |     2 ||     4
 Stab: Sleeping          |       |       |     7 |     3 ||    10
       Paralysed         |       |       |     5 |    16 ||    21
       Confused          |       |       |       |     1 ||     1
  Eat: Chunk             |    13 |     9 |    19 |    27 ||    68
       Meat ration       |     1 |       |       |     1 ||     2
       Bread ration      |       |       |     1 |       ||     1
       Fruit             |       |       |       |     1 ||     1
Armor: Robe              |    22 |    22 |    55 |    48 ||   147
       Skin              |       |       |     5 |       ||     5
Dodge: Dodged            |    40 |    67 |   101 |   167 ||   375
